Map: Triton LE

Players

BanesGoBoom

  • Race: Zerg Zerg
  • League: Platinum
  • Spawn Location: 11:00

ViBE - Winner!

  • Race: Protoss Protoss
  • League: Platinum
  • Spawn Location: 5:00

VOD

Have the link to the VOD?

Description

Time

  • Played on: Dec. 11, 2019, 10:28 p.m.
  • Length: 11:35
Show
View Real Time Build Order
Export as new Build Order

BanesGoBoom Zerg 

Build Orders: Hatch First 

Get SALT Encoding   

  12  0:00  Drone  
  13  0:13  Overlord  
  13  0:18  Drone  
  14  0:31  Drone x2  
  16  0:49  Hatchery  
  15  0:51  Drone  
  15  0:55  Drone  
  17  0:58  Drone  
  18  1:09  Extractor  
  17  1:15  Spawning Pool  
  17  1:17  Drone  
  17  1:20  Drone  
  18  1:29  Drone  
  19  1:41  Overlord  
  19  1:51  Drone  
  20  2:01  Drone  
  21  2:02  Drone, Queen x2  
  26  2:12  Drone  
  26  2:13  Drone  
  29  2:22  Drone  
  29  2:24  Drone  
  30  2:34  Drone x2  
  32  2:38  Queen  
  32  2:41  Lair  
  34  2:46  Drone x2  
  36  2:55  Hatchery  
  36  2:57  Overlord  
  35  3:01  Drone  
  36  3:08  Drone, Roach Warren  
  36  3:17  Evolution Chamber  
  35  3:21  Drone x5  
  35  3:24  Drone  
  35  3:25  Drone  
  42  3:32  Drone x2  
  44  3:36  Extractor  
  44  3:37  Extractor  
  44  3:38  Drone  
  43  3:42  Drone  
  43  3:45  Zerg Missile Weapons Level 1  
  43  3:48  Overlord  
  44  3:54  Overlord  
  44  3:55  Overlord  
  44  4:05  Queen  
  44  4:08  Drone x7  
  53  4:13  Extractor  
  52  4:17  Hydralisk Den, Metabolic Boost  
  52  4:19  Drone  
  52  4:23  Drone  
  53  4:24  Evolution Chamber  
  53  4:28  Drone x2  
  54  4:38  Drone x2  
  55  4:45  Drone x7  
  63  4:53  Drone x3  
  63  4:56  Hatchery  
  63  4:59  Drone x2  
  67  5:00  Extractor  
  67  5:02  Extractor  
  65  5:08  Grooved Spines  
  65  5:10  Zerg Melee Weapons Level 1  
  65  5:15  Drone  
  65  5:17  Drone x2, Infestation Pit  
  65  5:19  Drone x3  
  65  5:20  Drone  
  71  5:30  Overlord x4  
  71  5:40  Overlord  
  71  5:44  Overlord x2  
  71  5:50  Roach x6  
  71  5:51  Roach x2  
  71  5:52  Drone x2  
  71  5:53  Drone  
  90  6:00  Zerg Missile Weapons Level 2  
  90  6:03  Hive  
  90  6:06  Drone  
  90  6:07  Baneling Nest  
  90  6:10  Drone x2  
  90  6:11  Drone x4  
  96  6:19  Muscular Augments  
  96  6:22  Drone  
  96  6:23  Drone x8  
  105  6:29  Overseer  
  105  6:32  Queen  
  105  6:34  Drone x3  
  110  6:40  Drone, Hydralisk  
  110  6:41  Hydralisk x2  
  110  6:42  Hatchery  
  110  6:43  Overlord  
  116  6:50  Centrifical Hooks  
  116  6:51  Hydralisk x2  
  116  6:52  Hydralisk  
  122  7:04  Extractor x2  
  120  7:11  Hydralisk  
  120  7:12  Hydralisk x7  
  120  7:13  Overlord x3  
  120  7:14  Overlord x2  
  136  7:17  Overlord  
  136  7:24  Overlord x2  
  136  7:30  Overlord x2  
  136  7:34  Drone x3  
  136  7:36  Hydralisk x2  
  139  7:37  Hydralisk x6  
  155  7:53  Hydralisk x9  
  173  8:02  Zerg Melee Weapons Level 2  
  173  8:08  Zergling x2, Drone  
  173  8:09  Zergling x20  
  185  8:13  Drone  
  185  8:15  Spire  
  185  8:16  Zergling x10  
  190  8:25  Zergling x2  
  190  8:26  Zergling x10  
  196  8:35  Zergling x8  
  200  8:43  Baneling  
  200  8:44  Baneling x11  
  200  8:51  Baneling x12  
  200  8:52  Baneling x14  
  200  9:13  Overlord  
  200  9:21  Extractor  
  199  9:25  Extractor, Hatchery  
  197  9:36  Drone x3  
  196  10:13  Corruptor x12  
  193  10:16  Greater Spire, Hydralisk x10  
  168  10:23  Hydralisk  
  168  10:24  Hydralisk x2  
  168  10:26  Overseer  
  152  10:35  Hydralisk  
  152  10:36  Hydralisk x4  
  162  10:48  Hydralisk x6  
  174  10:56  Hydralisk x4  
  174  10:57  Hydralisk  
  182  11:03  Hydralisk x3  
  186  11:04  Hydralisk  
Show
View Real Time Build Order
Export as new Build Order

ViBE Protoss - Winner!

Build Orders: 1 Gate Expand, Colossus Rush 

Get SALT Encoding   

  12  0:01  Probe  
  13  0:13  Probe  
  14  0:24  Pylon  
  14  0:26  Probe  
  15  0:42  Probe (Chrono Boost)  
  16  0:49  Gateway  
  16  0:51  Assimilator  
  16  0:54  Probe (Chrono Boost)  
  17  0:59  Probe (Chrono Boost)  
  18  1:09  Probe  
  19  1:21  Probe  
  20  1:31  Nexus  
  20  1:33  Probe  
  21  1:44  Cybernetics Core  
  21  1:47  Probe  
  21  1:50  Pylon  
  22  1:57  Assimilator  
  22  1:59  Probe  
  23  2:11  Probe  
  24  2:20  Stalker  
  24  2:21  Warp Gate  
  26  2:23  Probe (Chrono Boost)  
  26  2:27  Pylon  
  27  2:34  Probe (Chrono Boost)  
  28  2:40  Probe (Chrono Boost)  
  29  2:46  Probe (Chrono Boost)  
  31  2:54  Gateway  
  31  2:56  Probe x2 (Chrono Boost), Pylon  
  32  3:01  Probe (Chrono Boost)  
  32  3:02  Probe  
  32  3:03  Sentry  
  37  3:12  Probe  
  37  3:15  Probe (Chrono Boost)  
  37  3:18  Robotics Facility  
  38  3:25  Probe (Chrono Boost)  
  40  3:27  Probe (Chrono Boost)  
  40  3:29  Stalker  
  43  3:34  Probe (Chrono Boost)  
  43  3:35  Probe (Chrono Boost)  
  43  3:39  Probe (Chrono Boost)  
  43  3:40  Assimilator  
  43  3:41  Probe  
  44  3:43  Assimilator  
  44  3:46  Stalker  
  48  3:51  Probe  
  48  3:53  Probe  
  50  4:03  Probe  
  50  4:05  Probe, Nexus  
  50  4:07  Pylon  
  53  4:10  Observer  
  53  4:15  Probe  
  54  4:19  Probe  
  55  4:24  Stalker x2  
  55  4:27  Probe  
  55  4:29  Robotics Bay  
  60  4:32  Probe  
  61  4:39  Probe  
  61  4:44  Probe  
  63  4:48  Observer  
  63  4:51  Probe  
  65  4:56  Probe  
  65  4:58  Stalker x2  
  70  5:01  Pylon  
  70  5:05  Pylon  
  70  5:09  Pylon  
  70  5:16  Probe x2  
  70  5:21  Probe  
  73  5:26  Extended Thermal Lance, Colossus  
  79  5:28  Probe x2  
  79  5:29  Forge  
  79  5:30  Forge  
  79  5:32  Forge  
  79  5:33  Twilight Council  
  79  5:35  Probe (Chrono Boost)  
  82  5:40  Probe (Chrono Boost)  
  82  5:41  Probe (Chrono Boost)  
  84  5:46  Gateway  
  84  5:47  Gateway  
  87  5:50  Probe x3 (Chrono Boost)  
  87  5:55  Probe x2 (Chrono Boost)  
  88  5:57  Probe, Assimilator  
  88  5:58  Assimilator  
  90  6:06  Protoss Ground Weapons Level 1 (Chrono Boost), Protoss Ground Armor Level 1 (Chrono Boost)  
  90  6:07  Probe x2, Protoss Shields Level 1 (Chrono Boost)  
  90  6:09  Probe  
  93  6:19  Probe, Nexus  
  93  6:20  Pylon  
  94  6:36  Stalker x2  
  94  6:37  Probe x3  
  101  6:40  Pylon  
  101  6:43  Pylon  
  101  6:44  Colossus, Stalker x2  
  111  6:48  Blink  
  111  6:59  Pylon  
  111  7:05  Probe x3, Gateway  
  111  7:06  Gateway  
  111  7:08  Gateway  
  114  7:10  Gateway  
  114  7:17  Probe x3  
  117  7:24  Stalker  
  117  7:25  Stalker x3  
  117  7:29  Probe x3  
  128  7:34  Assimilator  
  128  7:37  Assimilator  
  128  7:40  Robotics Facility  
  128  7:46  Colossus  
  128  7:48  Protoss Ground Armor Level 2 (Chrono Boost)  
  128  7:51  Stalker x4  
  138  7:56  Protoss Shields Level 2 (Chrono Boost)  
  142  7:58  Protoss Ground Weapons Level 2 (Chrono Boost)  
  142  7:59  Probe  
  142  8:00  Probe  
  144  8:11  Zealot x2  
  144  8:12  Zealot x2  
  152  8:15  Pylon  
  152  8:19  Pylon x2  
  152  8:22  Pylon x2  
  152  8:24  Pylon  
  152  8:30  Templar Archives  
  152  8:31  Nexus  
  152  8:33  Colossus  
  157  8:40  Colossus  
  163  8:49  Charge  
  163  8:58  Stalker x3  
  163  8:59  Stalker x2  
  163  9:00  Stalker  
  163  9:01  Stalker x2  
  179  9:10  Photon Cannon  
  179  9:12  Photon Cannon  
  179  9:14  Photon Cannon, Shield Battery  
  179  9:16  Photon Cannon  
  179  9:17  Shield Battery  
  179  9:20  Pylon  
  179  9:22  High Templar x4  
  179  9:23  High Templar  
  189  9:26  Pylon  
  189  9:31  High Templar  
  191  9:33  Photon Cannon  
  191  9:35  Archon, Photon Cannon  
  191  9:36  Archon x2  
  191  9:37  Shield Battery  
  191  9:43  Zealot  
  191  9:44  Zealot  
  191  9:45  Observer  
  196  9:49  Photon Cannon  
  196  9:53  Photon Cannon  
  196  9:54  Photon Cannon  
  196  9:55  Shield Battery  
  196  9:56  Photon Cannon  
  196  9:58  Zealot, Shield Battery  
  195  10:10  Probe x4  
  176  10:21  Stalker x5  
  151  10:22  Probe x4, Stalker x2  
  151  10:24  Stalker  
  165  10:34  Probe x4  
  165  10:35  Observer x2  
  171  10:46  Probe, Nexus  
  171  10:47  Probe  
  173  10:58  Photon Cannon  
  173  11:00  Photon Cannon  
  173  11:02  Pylon  
  173  11:05  Pylon  
  155  11:20  Zealot x6  
  155  11:21  Zealot x2  
Tags
 
Add a new tag
Caveats
  • Supply blocks, unpowered buildings, or Contaminate may cause inaccurate times.
  • Supply counts are checked every 10 seconds.